 Dungeon Crawl Stone Soup version 0.26-a0-540-g8a0c9464d7 (webtiles) character file.

Game seed: 14399573517865843328

953 HoaS the Grappler (level 8, -1/44 HPs)
             Began as a Gargoyle Gladiator on Aug 24, 2020.
             Killed from afar by Dowan (19 damage)
             ... with a shard of ice
             ... on level 5 of the Dungeon.
             The game lasted 00:10:14 (4784 turns).

HoaS the Grappler (Gargoyle Gladiator)              Turns: 4784, Time: 00:10:15

Health: -1/44      AC:  0    Str: 20    XL:     8   Next: 14%
Magic:  8/8        EV: 20    Int:  9    God:
Gold:   299        SH:  0    Dex: 16    Spells: 7/7 levels left

rFire    . . .     SeeInvis .     - Unarmed
rCold    . . .     Faith    .   (shield currently unavailable)
rNeg     + . .     Spirit   .   (armour currently unavailable)
rPois    ∞         Reflect  .   (helmet currently unavailable)
rElec    .         Harm     .   (cloak currently unavailable)
rCorr    .                      (gloves currently unavailable)
MR       .....                  (boots currently unavailable)
Stlth    +.........             (no amulet)
HPRegen  0.14/turn              (ring currently unavailable)
MPRegen  0.11/turn              (ring currently unavailable)

@: bat-form (expiring), flying, very quick
A: tiny, negative energy resistance 1, petrification resistance, rot immunity,
AC +5
a: no special abilities


You were on level 5 of the Dungeon.
You were in bat-form.
You visited 2 branches of the dungeon, and saw 6 of its levels.

You collected 299 gold pieces.

Inventory:

Missiles
 c - 2 throwing nets (quivered)
 f - 24 poisoned darts
Armour
 k - a +1 cloak (melded)
 p - a +1 scale mail of fire resistance (melded)
 t - a +1 helmet (melded)
Jewellery
 b - an uncursed ring of fire {unknown}
 j - a ring of protection from fire (melded)
 q - a +4 ring of evasion (melded)
Wands
 r - a wand of disintegration (20)
 s - a wand of digging (5)
Scrolls
 d - a scroll of identify
 g - 3 scrolls of remove curse
 h - a scroll of blinking
 i - 6 scrolls of teleportation
 l - a scroll of fog
Potions
 a - 3 potions of heal wounds
 e - 3 potions of might
 m - 3 potions of haste
 n - a potion of ambrosia {unknown}
 o - a potion of flight


   Skills:
 - Level 2.1 Fighting
 - Level 1.7 Throwing
 - Level 2.4 Dodging
 * Level 9.6 Unarmed Combat


You had 7 spell levels left.
You didn't know any spells.
Your spell library was empty.

Dungeon Overview and Level Annotations

Branches:
Dungeon (5/15)             Temple (1/1) D:5

Altars:
Ashenzari
Cheibriados
Elyvilon
Fedhas
Kikubaaqudgha
Nemelex Xobeh
Okawaru
Qazlal
Ru
Sif Muna
Trog
Uskayaw
Vehumet
Wu Jian
Xom
Yredelemnul
Zin
The Shining One

Shops:
D:4 !

Annotations:
D:5 Dowan


Innate Abilities, Weirdness & Mutations

You are resistant to torment.
((Your stone body is resilient. (AC +5)))
You are immune to poison.
You resist negative energy. (rN+)
((You are resistant to electric shocks. (rElec)))
((You can survive without breathing.))
You are immune to petrification.
You are immune to rotting.


Message History

You hit Dowan.
Dowan is almost dead.
Your transformation is almost over.
Dowan misses you.
You hit Dowan.
Dowan is almost dead.
Dowan misses you.
You closely miss Dowan.
Dowan is almost dead.
Dowan breathes, "And she was my only..."
Dowan hits you with a +0 dagger!
You hit Dowan but do no damage.
Dowan is almost dead.
Dowan hits you with a +0 dagger. Dowan misses you.
You hit Dowan but do no damage.
Dowan is almost dead.
Dowan says, "Her death will not be in vain!"
Dowan casts a spell at you. The shard of ice hits you!!
You die...

###..........# ..#..........#
.^'..........#+####
..#...............#
###.....(.........#######
........................#
........................#
........................#
..))[...........be......#
........................#
####'#.................#
.....#.................#
.....#.................#
.....#.................#
##...#............(...)#######
.#...##.....########.........#
.#....#.....# #.........#


You could see Dowan (fast).

Vanquished Creatures
  Duvessa (D:5)
  An ice beast (D:4)
  An ogre (D:4)
  A phantom (D:2)
  A scorpion (D:4)
  2 hounds (D:5)
  Crazy Yiuf (D:2)
  An orc priest (D:5)
  Terence (D:3)
  2 orc wizards
  A bullfrog skeleton (D:4)
  Jessica (D:2)
  An iguana (D:4)
  Natasha (twice) (D:2)
  2 worker ants
  3 gnolls (D:4)
  3 adders
  A shadow imp (D:5)
  An ufetubus (D:5)
  An ooze (D:4)
  3 worms
  A dart slug (D:1)
  3 leopard geckos
  15 orcs
  6 giant cockroaches
  5 hobgoblins
  4 jackals
  3 quokkas
  A ball python (D:4)
  7 bats
  4 frilled lizards
  5 goblins
  2 kobolds (D:2)
  A leopard gecko zombie (D:5)
  12 rats
100 creatures vanquished.

Notes
Turn   | Place    | Note
-------+----------+-------------------------------------------
     0 | D:1      | HoaS the Gargoyle Gladiator began the quest for the Orb.
     0 | D:1      | Reached XP level 1. HP: 12/12 MP: 1/1
   374 | D:1      | Reached XP level 2. HP: 17/17 MP: 2/2
   941 | D:2      | Noticed Jessica
   954 | D:2      | Killed Jessica
   954 | D:2      | Reached skill level 4 in Unarmed Combat
   954 | D:2      | Reached XP level 3. HP: 3/21 MP: 3/3
  1343 | D:2      | Noticed a phantom
  1368 | D:2      | Killed a phantom
  1368 | D:2      | Reached skill level 5 in Unarmed Combat
  1368 | D:2      | Reached XP level 4. HP: 11/26 MP: 4/4
  1368 | D:2      | Reached XP level 5. HP: 12/30 MP: 5/5
  1551 | D:2      | Noticed Natasha
  1567 | D:2      | Killed Natasha
  1690 | D:2      | Reached skill level 6 in Unarmed Combat
  1853 | D:2      | Found a runed translucent door.
  1854 | D:2      | Noticed Crazy Yiuf
  2011 | D:2      | Noticed Natasha
  2017 | D:2      | Killed Natasha
  2096 | D:2      | Paralysed by something for 3 turns
  2100 | D:2      | Killed Crazy Yiuf
  2100 | D:2      | Reached XP level 6. HP: 17/35 MP: 3/6
  2471 | D:3      | Noticed Terence
  2487 | D:3      | Killed Terence
  2866 | D:3      | Reached skill level 7 in Unarmed Combat
  3207 | D:4      | Reached XP level 7. HP: 31/40 MP: 7/7
  3563 | D:4      | Reached skill level 8 in Unarmed Combat
  3594 | D:4      | Found Diugocruf's Distillery.
  3899 | D:5      | Entered Level 5 of the Dungeon
  4225 | D:5      | Found a staircase to the Ecumenical Temple.
  4230 | Temple   | Entered the Ecumenical Temple
  4538 | D:5      | Reached skill level 9 in Unarmed Combat
  4709 | D:5      | Reached XP level 8. HP: 37/44 MP: 8/8
  4741 | D:5      | Noticed Duvessa
  4742 | D:5      | Noticed Dowan
  4751 | D:5      | Killed Duvessa
  4784 | D:5      | Killed from afar by Dowan

Illustrated notes

Levels and vault maps discovered:
D:1:      wheals_arrival_linesprint, layout_basic, serial_park_tiny_1,
          chequers_serial_rivers_micro_d
D:2:      layout_loops_cross, minmay_misc_feat_cross, uniq_jessica,
          uniq_crazy_yiuf_cottage, uniq_natasha
D:3:      layout_rooms, grunt_decor_cap, uniq_terence
D:4:      layout_basic, serial_shops, shop
D:5:      layout_gridville, temple_doors_e, nicolae_ossuary_entry_monument,
          uniq_duvessa
Temple:   hc_temple_tempest_star

Skill      XL: |  1  2  3  4  5  6  7 |
---------------+----------------------+-----
Unarmed Combat | 4 5 6 7 9 |  9.6
Fighting       | |  2.1
Throwing       | |  1.7
Dodging        | |  2.4

Action                   |  1- 3 |  4- 6 |  7- 9 || total
-------------------------+-------+-------+-------++-------
Melee: Unarmed           |   101 |   190 |   168 ||   459
       Punch             |     2 |     3 |     4 ||     9
Throw: Throwing net      |       |     1 |     2 ||     3
       Dart              |       |       |     1 ||     1
  Use: Scroll            |     5 |    11 |     2 ||    18
       Potion            |     1 |       |       ||     1
 Stab: Held in net/web   |       |     1 |       ||     1
Armor: Scale mail        |    38 |    58 |    63 ||   159
       Leather armour    |     6 |       |       ||     6
       Skin              |       |     2 |       ||     2
       Chain mail        |       |    21 |       ||    21
Dodge: Dodged            |    55 |    91 |   110 ||   256

Table legend: (Time is in decaauts)
 A = Elapsed time spent in this place.
 B = Non-inter-level travel time spent in this place.
 C = Inter-level travel time spent in this place.
 D = Time resting spent in this place.
 E = Time spent auto-exploring this place.
 F = Levels seen in this place.
 G = Mean time per level.
                   A        B        C        D        E       F      G
               +--------+--------+--------+--------+--------+-----+--------+
         Total |   4730 |   4522 |    208 |    780 |   2791 |   6 |  788.3 |
       Dungeon |   4530 |   4322 |    208 |    780 |   2605 |   5 |  906.0 |
        Temple |    200 |    200 |      0 |      0 |    186 |   1 |  200.0 |
               +--------+--------+--------+--------+--------+-----+--------+

Top non-repeatable levels by time:
     D:2: 1405 daAuts
     D:4: 1169 daAuts
     D:1: 937 daAuts
     D:3: 543 daAuts
     D:5: 475 daAuts
  Temple: 200 daAuts
